 Dungeon Crawl Stone Soup version 0.31-a0-846-gb3bcc0d938 (webtiles) character file.

Game seed: 13751395759804417084

434 lunkers the Ruffian (level 7, -1/52 HPs)
             Began as a Meteoran Shapeshifter on Oct 3, 2023.
             Slain by an ogre
             ... wielding a +0 giant club
              (16 damage)
             ... on level 5 of the Dungeon.
             The game lasted 00:03:45 (1586 turns).

lunkers the Ruffian (Meteoran Shapeshifter)         Turns: 1586, Time: 00:03:46

Health: -1/52      AC:  5    Str: 17    XL:     7   Next: 44%
Magic:  8/8        EV: 11    Int: 11    God:
Gold:   214        SH:  0    Dex: 15    Spells: 6/6 levels left

rFire   . .          .
                       - Unarmed
rCold   . . .        (no shield)
rNeg    . . .        p - +0 ring mail
rPois   .            (helmet currently unavailable)
rElec   .            (cloak currently unavailable)
rCorr   .            (gloves currently unavailable)
SInv    .            (boots currently unavailable)
Will    .....        (no amulet)
Stlth   +            (no ring)
HPRegen 0.28/turn    (no ring)
MPRegen 0.11/turn

%: no passive effects
@: beast-form, glowing
A: beast (slay +3), sense surroundings 1, otherworldly, glowing, explore regen
a: Begin Untransformation


You were on level 5 of the Dungeon.
You were a hulking beast.
You visited 1 branch of the dungeon, and saw 5 of its levels.

You collected 214 gold pieces.

Inventory:

Missiles
 i - a throwing net
Armour
 n - a +0 pair of gloves
 o - a +2 pair of boots
 p - a +0 ring mail (worn)
Talismans
 c - a beast talisman (active)
 d - a flux talisman
Wands
 a - a wand of digging (5)
 j - a wand of charming (5)
Scrolls
 g - a scroll of amnesia
 l - a scroll of teleportation
 q - a scroll of revelation
Potions
 b - a potion of magic {unknown}
 e - a potion of mutation
 f - a potion of berserk rage
 h - a potion of heal wounds
 m - a potion of curing {unknown}


   Skills:
 - Level 1.1 Fighting
 - Level 2.1 Dodging
 * Level 7.7 Unarmed Combat
 + Level 5.7 Shapeshifting


You had 6 spell levels left.
You didn't know any spells.
Your spell library was empty.

Dungeon Overview and Level Annotations

Branches:
Dungeon (5/15) Zot: 1433
 Temple: D:4-7

Altars:

Shops:
D:2 =


Innate Abilities, Weirdness & Mutations

You are a hulking beast.
Your limbs bulge with bestial killing power. (Slay +3)
You passively map a small area around you.
You are easily found by Zot.
You glow in the dark.
You regain HP and MP as you explore.


Message History

You closely miss the hound. Your punch misses the hound.
The hound is heavily wounded.
The hound barely misses you.
Unknown command.
You punch the hound!
You kill the hound!
Unknown command.
You punch the iguana!
The iguana is heavily wounded.
The iguana bites you but does no damage.
You hit the iguana.
The iguana is almost dead.
The iguana bites you but does no damage.
You hit the iguana.
You kill the iguana!
There is a stone staircase leading up, spattered with blood here.
Found a potion of mutation.
An ogre comes into view. It is wielding a +0 giant club.
The ogre shouts!
The ogre moves out of view.
Found 11 gold pieces.
You see here 13 gold pieces.
The ogre hits you with a +0 giant club!!
Ouch! That really hurt!
* * * LOW HITPOINT WARNING * * *
You see here 13 gold pieces.
You punch the ogre!
The ogre is heavily wounded.
Unknown command.
You closely miss the ogre.
The ogre is heavily wounded.
The ogre closely misses you.
Unknown command.
You barely miss the ogre.
The ogre is heavily wounded.
Unknown command.
You hit the ogre.
The ogre is heavily wounded.
The ogre hits you with a +0 giant club!
You die...

*#.* #.........# ,
#.* #.........# .# ,
,* #.###.<.......#
##. .
#...#.........# #..
.# ###[#.........#
.$ .## * *
#...........##.#....
*
###....)....#....#*
* #..<.....##O...# *
, #.#.).....h..# * ,
#...##......## , *
*###.##.#.....#
...!....##...# * ,
,,,......##.# ##.# ,
, , ..#.......# ...
, * ...#).$.##.. ...
**, ..#....##### ..
* #.., * , *


You could see an ogre.

Vanquished Creatures
  Edmund (D:4)
  A jelly (D:4)
  2 hounds
  Ijyb (D:4)
  An iguana (D:5)
  7 gnolls
  4 adders
  A worm (D:3)
  9 orcs
  4 ball pythons
  3 endoplasms
  4 giant cockroaches
  7 goblins
  7 hobgoblins
  3 jackals (D:3)
  A quokka (D:3)
  3 frilled lizards
  6 kobolds
  6 rats
71 creatures vanquished.

Notes
Turn   | Place    | Note
-------+----------+-------------------------------------------
     0 | D:1      | lunkers the Meteoran Shapeshifter began the quest for the
                  | Orb.
     0 | D:1      | Reached XP level 1. HP: 16/16 MP: 2/2
     2 | D:1      | Noticed a felid
     4 | D:1      | Noticed a vampire
     4 | D:1      | Noticed a draconian
     6 | D:1      | Noticed an ogre
     6 | D:1      | Noticed a tengu
     8 | D:1      | Noticed an armataur
    10 | D:1      | Noticed a demigod
    10 | D:1      | Noticed a meteoran
    12 | D:1      | Noticed a ghoul
    12 | D:1      | Noticed an octopode
    14 | D:1      | Noticed a human
    14 | D:1      | Noticed a demonspawn
    16 | D:1      | Noticed a formicid
    16 | D:1      | Noticed an elf
    18 | D:1      | Noticed a naga
    20 | D:1      | Noticed a gargoyle
    20 | D:1      | Noticed a spriggan
    22 | D:1      | Noticed a vine stalker
    22 | D:1      | Noticed a troll
    24 | D:1      | Noticed an elf
    24 | D:1      | Noticed a minotaur
    26 | D:1      | Noticed a human
    26 | D:1      | Noticed an ogre
   132 | D:1      | Reached XP level 2. HP: 14/23 MP: 3/3
   135 | D:1      | Reached skill level 4 in Unarmed Combat
   238 | D:1      | Reached XP level 3. HP: 24/28 MP: 4/4
   310 | D:2      | Found Viprel's One-of-a-Kind Rings.
   382 | D:2      | HP: 1/28 [hobgoblin (2)]
   557 | D:2      | Reached XP level 4. HP: 27/35 MP: 5/5
   740 | D:2      | Reached skill level 5 in Unarmed Combat
   947 | D:3      | Reached XP level 5. HP: 34/40 MP: 6/6
  1147 | D:4      | Reached skill level 6 in Unarmed Combat
  1233 | D:4      | Reached XP level 6. HP: 36/47 MP: 7/7
  1260 | D:4      | Noticed Ijyb
  1263 | D:4      | Reached skill level 5 in Shapeshifting
  1281 | D:4      | Killed Ijyb
  1420 | D:4      | Noticed Edmund
  1432 | D:4      | Killed Edmund
  1433 | D:4      | Reached skill level 7 in Unarmed Combat
  1433 | D:4      | Reached XP level 7. HP: 52/52 MP: 8/8
  1542 | D:5      | Entered Level 5 of the Dungeon
  1586 | D:5      | Slain by an ogre

Illustrated notes

Levels and vault maps discovered:
D:1:      kb_arrival_jail, layout_basic, minmay_bisected
D:2:      layout_loops_ring, nicolae_shop_unique_rings, guppyfry_early_orc_mine
D:3:      layout_rooms, hangedman_abyss_or_decor_stabs, hangedman_glass_teeth
D:4:      layout_rooms, hangedman_abyss_or_decor_lesser_grid, uniq_edmund,
          uniq_ijyb
D:5:      layout_rooms, nzn_wu_jian_council_hall

Skill      XL: |  1  2  3  4  5  6 |
---------------+-------------------+-----
Unarmed Combat | 4 5 6 7 |  7.7
Shapeshifting  | 4 5 |  5.7
Fighting       | |  1.1
Dodging        | |  2.1

Action                     |  1- 3 |  4- 6 |  7- 9 || total
---------------------------+-------+-------+-------++-------
  Melee: Unarmed           |    74 |    94 |    24 ||   192
         Punch             |     3 |     3 |       ||     6
    Use: Scroll            |       |    10 |       ||    10
         Potion            |       |     2 |       ||     2
 Armour: Animal skin       |    32 |    12 |       ||    44
         Ring mail         |       |    22 |    25 ||    47
         Skin              |       |    18 |       ||    18
  Dodge: Dodged            |    44 |    53 |    10 ||   107

Table legend: (Time is in decaauts)
 A = Elapsed time spent in this place.
 B = Non-inter-level travel time spent in this place.
 C = Inter-level travel time spent in this place.
 D = Time resting spent in this place.
 E = Time spent auto-exploring this place.
 F = Levels seen in this place.
 G = Mean time per level.
                   A        B        C        D        E       F      G
               +--------+--------+--------+--------+--------+-----+--------+
         Total |   1565 |   1546 |     19 |     32 |    981 |   5 |  313.0 |
       Dungeon |   1565 |   1546 |     19 |     32 |    981 |   5 |  313.0 |
               +--------+--------+--------+--------+--------+-----+--------+

Top non-repeatable levels by time:
     D:2: 492 daAuts
     D:4: 479 daAuts
     D:3: 304 daAuts
     D:1: 246 daAuts
     D:5: 41 daAuts
